[Event "Titled Tuesday Blitz November 22 Early 2022"]
[White "Buscar, Michael"]
[Black "Padmini, Rout"]
[WhiteFideId "2603616"]
[BlackFideId "5029295"]
[WhiteElo "2010"]
[BlackElo "2296"]
[Result "0-1"]
[Round "04"]
[TimeControl "180+1"]
[Date "2022.11.23"]
[WhiteClock "0:00:03"]
[BlackClock "0:00:51"]

1. d4 Nf6 2. Nf3 g6 3. Nc3 d5 4. Bf4 Bg7 5. Nb5 Na6 6. e3 c6 7. Nc3 Qb6 8. Rb1 O-O 9. Be2 Nb8 10. Ne5 Nbd7 11. O-O Nxe5 12. Bxe5 Bf5 13. Bd3 Bxd3 14. Qxd3 a5 15. Na4 Qa6 16. Nc5 Qxd3 17. cxd3 Ra7 18. b4 b6 19. Na4 b5 20. Nc5 axb4 21. Rb2 Rfa8 22. Ra1 Ne8 23. Bxg7 Kxg7 24. g3 Nd6 25. Nb3 Nb7 26. Nc1 Ra4 27. Rab1 Kf6 28. Rxb4 Rxb4 29. Rxb4 e5 30. dxe5+ Kxe5 31. Kg2 Ra5 32. d4+ Ke6 33. Rb2 Nd6 34. Nd3 Nc4 35. Re2 Ra3 36. Nc5+ Kd6 37. e4 dxe4 38. Nxe4+ Kd5 39. Ng5 f5 40. Nxh7 Kxd4 41. Nf8 g5 42. Ne6+ Kd3 43. Kf1 g4 44. Nf4+ Kd4 45. Ne6+ Kd5 46. Nf4+ Kd6 47. Re6+ Kd7 48. Re2 b4 49. Nh5 c5 50. Ng7 Nd6 51. Rd2 Kc6 52. Ne6 c4 53. Kg2 c3 54. Rc2 Kd5 55. Nf4+ Kc4 56. f3 b3 57. axb3+ Rxb3 58. Ne2 Nb5 59. fxg4 fxg4 60. h4 Nd4 61. Nxd4 Kxd4 62. Kf1 Rb2 63. Rc1 Kd3 64. Rd1+ Rd2 65. Re1 c2 66. h5 Rd1 67. h6 Rxe1+ 68. Kxe1 c1=Q+ 0-1


[Site "https://www.chess.com"]

[Event "Titled Tuesday Blitz November 22 Early 2022"]
[White "Cardoso Cardoso, Jose Gabriel"]
[Black "Vlassov, Nikolai"]
[WhiteFideId "4430492"]
[BlackFideId "4103360"]
[WhiteElo "2484"]
[BlackElo "2324"]
[Result "0-1"]
[Round "04"]
[TimeControl "180+1"]
[Date "2022.11.23"]
[WhiteClock "0:00:01"]
[BlackClock "0:00:12"]

1. d4 Nf6 2. Nc3 d5 3. Bf4 e6 4. e3 a6 5. g4 Bb4 6. Ne2 c5 7. a3 Bxc3+ 8. Nxc3 cxd4 9. exd4 Nc6 10. g5 Ne4 11. Nxe4 dxe4 12. c3 O-O 13. Bg2 f5 14. gxf6 Qxf6 15. Bg3 e5 16. dxe5 Nxe5 17. Qd5+ Nf7 18. Bxe4 Be6 19. Qd4 Qh6 20. O-O Ng5 21. Rae1 Bh3 22. Bd5+ Kh8 23. f4 Bxf1 24. fxg5 Qh3 25. Qh4 Rad8 26. Qxh3 Bxh3 27. c4 b5 28. b3 bxc4 29. bxc4 Rde8 30. Rxe8 Rxe8 31. Kf2 Be6 32. Kf3 Bxd5+ 33. cxd5 Kg8 34. Bf4 Kf7 35. h4 Kg6 36. Kg4 h5+ 37. gxh6 gxh6 38. h5+ Kg7 39. Kf5 Kf7 40. Bxh6 Rh8 41. Bg5 Rxh5 42. d6 Ke8 43. Kg4 Rh7 44. Kf5 Kd7 45. Bf4 Rh3 46. a4 Ra3 47. Ke5 Rxa4 48. Be3 Ra5+ 49. Ke4 Kxd6 50. Kd3 Rb5 51. Kc4 Kc6 52. Bd2 a5 53. Bc3 a4 54. Bb4 Rb7 55. Kc3 Kd5 56. Bf8 Rb3+ 57. Kc2 Kc4 58. Bd6 a3 59. Be5 a2 60. Bb2 Rb5 61. Bc3 Rb1 62. Bd2 a1=Q 0-1


[Site "https://www.chess.com"]

[Event "Titled Tuesday Blitz November 22 Early 2022"]
[White "Caruana, Fabiano"]
[Black "Garcia Ramos, Daniel"]
[WhiteFideId "2020009"]
[BlackFideId "32010311"]
[WhiteElo "2847"]
[BlackElo "2357"]
[Result "1-0"]
[Round "04"]
[TimeControl "180+1"]
[Date "2022.11.22"]
[WhiteClock "0:01:50"]
[BlackClock "0:00:15"]

1. b3 e5 2. Bb2 d6 3. g3 g6 4. Bg2 Bg7 5. c4 Ne7 6. Nc3 O-O 7. e3 Nbc6 8. Nge2 Be6 9. O-O d5 10. cxd5 Nxd5 11. Ne4 Qe7 12. a3 Rfd8 13. Qc2 f5 14. Nc5 b6 15. Nxe6 Qxe6 16. Rac1 Nce7 17. Qc4 c6 18. Rfd1 Qf7 19. b4 Rac8 20. a4 h6 21. Ba3 e4 22. d3 exd3 23. Rxd3 Nf6 24. Qxf7+ Kxf7 25. Rxd8 Rxd8 26. Nd4 Ne4 27. Bxe4 fxe4 28. Nxc6 Nxc6 29. Rxc6 Rd1+ 30. Kg2 Ra1 31. Rc7+ Kg8 32. Rxg7+ 1-0


[Site "https://www.chess.com"]

[Event "Titled Tuesday Blitz November 22 Early 2022"]
[White "Castillo Pena, Patricia Evarista"]
[Black "Fernandez Hernandez, Gerardo"]
[WhiteFideId "6412106"]
[BlackFideId "2207400"]
[WhiteElo "1919"]
[BlackElo "2247"]
[Result "0-1"]
[Round "04"]
[TimeControl "180+1"]
[Date "2022.11.23"]
[WhiteClock "0:00:01"]
[BlackClock "0:00:20"]

1. d4 Nf6 2. Nf3 g6 3. Nc3 d5 4. Bf4 Bg7 5. e3 O-O 6. Be2 c5 7. Ne5 cxd4 8. exd4 Nc6 9. a3 Qb6 10. Nxc6 bxc6 11. Na4 Qa5+ 12. c3 Ba6 13. Bxa6 Qxa6 14. Nc5 Qc4 15. Qe2 Qxe2+ 16. Kxe2 Nh5 17. Be3 e5 18. dxe5 Bxe5 19. Nd7 Rfe8 20. Kd3 f5 21. g3 Kf7 22. f4 Bd6 23. Bd4 Rad8 24. Ne5+ Bxe5 25. Bxe5 Nf6 26. Rhe1 Ne4 27. Re2 c5 28. Rae1 Rd7 29. Kc2 Rb7 30. b4 Rc8 31. Kb3 a5 32. Re3 axb4 33. axb4 d4 34. cxd4 Rxb4+ 0-1


[Site "https://www.chess.com"]

[Event "Titled Tuesday Blitz November 22 Early 2022"]
[White "Ciuffoletti, Paolo"]
[Black "Kriti Mayur Patel"]
[WhiteFideId "807630"]
[BlackFideId "35061780"]
[WhiteElo "2143"]
[BlackElo "1306"]
[Result "1-0"]
[Round "04"]
[TimeControl "180+1"]
[Date "2022.11.23"]
[WhiteClock "0:00:17"]
[BlackClock "0:00:01"]

1. e4 e5 2. Nf3 Nc6 3. Bc4 Nf6 4. d4 exd4 5. Ng5 d5 6. exd5 Na5 7. Qe2+ Be7 8. d6 Qxd6 9. Bxf7+ Kd8 10. Bb3 Re8 11. Nf7+ Kd7 12. Nxd6 Bxd6 13. Be3 dxe3 14. fxe3 Nc6 15. Nc3 b6 16. O-O-O Bb7 17. Nb5 Re5 18. Qd2 Ne4 19. Qe2 Rae8 20. Qg4+ Kd8 21. Nxd6 cxd6 22. Qxg7 R5e7 23. Qh6 Na5 24. Ba4 Nc6 25. Rhf1 Kc7 26. Rf4 Ne5 27. Bxe8 Rxe8 28. Qxh7+ Kc8 29. Rxe4 Bxe4 30. Qxe4 Kc7 31. Qa4 Rg8 32. g3 a5 33. Qe4 Rg4 34. Qd5 Rg6 35. Rf1 Rg7 36. Rf6 Rd7 37. h4 Kb8 38. h5 Ka7 39. h6 Ka6 40. Rxd6 Rf7 41. Qxe5 1-0


[Site "https://www.chess.com"]

[Event "Titled Tuesday Blitz November 22 Early 2022"]
[White "Cnejev, Vladimir-Alexandru"]
[Black "Lauridsen, Jesper Morch"]
[WhiteFideId "1260898"]
[BlackFideId "1401890"]
[WhiteElo "2193"]
[BlackElo "2244"]
[Result "1-0"]
[Round "04"]
[TimeControl "180+1"]
[Date "2022.11.23"]
[WhiteClock "0:02:52"]
[BlackClock "0:02:04"]

1. e4 c5 2. Nf3 d6 3. Bb5+ Bd7 4. Bxd7+ Qxd7 5. O-O Nc6 6. c3 Nf6 7. Re1 e6 8. d4 cxd4 9. cxd4 d5 10. e5 Ne4 11. Nbd2 Nxd2 12. Bxd2 Be7 13. Rc1 O-O 14. Rc3 Bb4 15. Rxc6 Bxd2 16. Rd6 Qxd6 17. exd6 Bxe1 18. Qxe1 Rfd8 19. Qb4 Rac8 20. g3 b6 21. Ne5 f6 22. d7 Rb8 23. Nc6 1-0


[Site "https://www.chess.com"]

[Event "Titled Tuesday Blitz November 22 Early 2022"]
[White "Colas, Joshua"]
[Black "Kulkarni, Vikramaditya"]
[WhiteFideId "2044447"]
[BlackFideId "5009847"]
[WhiteElo "2347"]
[BlackElo "2273"]
[Result "0-1"]
[Round "04"]
[TimeControl "180+1"]
[Date "2022.11.23"]
[WhiteClock "0:00:16"]
[BlackClock "0:00:46"]

1. c4 d6 2. d4 e5 3. dxe5 dxe5 4. Qxd8+ Kxd8 5. Nf3 f6 6. Nc3 Be6 7. e4 c6 8. Be3 Nd7 9. O-O-O Kc7 10. Ne1 Bc5 11. Nc2 a5 12. Na4 Bxe3+ 13. Nxe3 b6 14. Be2 Ne7 15. Rd2 Rad8 16. Rhd1 Nc8 17. Bg4 Bxg4 18. Nxg4 Rhe8 19. Ne3 Nf8 20. c5 b5 21. Nc3 Ne6 22. Nf5 Rxd2 23. Rxd2 Rd8 24. Rxd8 Kxd8 25. a3 a4 26. f3 Ne7 27. b4 axb3 28. a4 b4 29. Ne2 Nxf5 30. exf5 Nxc5 31. Kb2 Nxa4+ 32. Kxb3 Nc3 33. Nc1 Nd5 34. Kc4 Ne3+ 35. Kxb4 Nxf5 36. Kc5 Nh4 37. Kxc6 Ke7 38. Kd5 Nxg2 39. Ke4 Ke6 40. f4 f5+ 41. Kf3 Nxf4 42. Nb3 g5 43. Nc5+ Kd5 44. Nd7 e4+ 45. Ke3 Nh5 46. Nb6+ Ke5 47. Nd7+ Ke6 48. Nf8+ Ke5 49. Nd7+ Kd6 50. Nf8 Nf6 51. Kd4 Ke7 0-1


[Site "https://www.chess.com"]

[Event "Titled Tuesday Blitz November 22 Early 2022"]
[White "Cramling Bellon, Anna"]
[Black "Jiganchine, Roman"]
[WhiteFideId "32009232"]
[BlackFideId "2603667"]
[WhiteElo "1972"]
[BlackElo "2310"]
[Result "0-1"]
[Round "04"]
[TimeControl "180+1"]
[Date "2022.11.23"]
[WhiteClock "0:00:04"]
[BlackClock "0:01:00"]

1. d4 d5 2. c4 e6 3. Nc3 Nf6 4. cxd5 exd5 5. Bg5 c6 6. e3 Bf5 7. Qf3 Bg6 8. Bxf6 Qxf6 9. Qxf6 gxf6 10. h4 h5 11. Nh3 Bd6 12. g3 Nd7 13. Be2 a5 14. O-O-O a4 15. Nf4 a3 16. Nxg6 axb2+ 17. Kxb2 fxg6 18. Bd3 Kf7 19. e4 dxe4 20. Nxe4 Ba3+ 21. Kb3 Nb6 22. Nc5 Rhd8 23. Rhe1 Bxc5 24. dxc5 Nd5 25. Bc4 Ra5 26. Bxd5+ Rxd5 27. Rxd5 cxd5 28. Rc1 Ra6 29. a4 Ke6 30. Kb4 Kd7 31. Kb5 Ra8 32. a5 Kc7 33. Rd1 Rd8 34. a6 bxa6+ 35. Kxa6 Kc6 36. Re1 Ra8# 0-1


[Site "https://www.chess.com"]

[Event "Titled Tuesday Blitz November 22 Early 2022"]
[White "Cruz Mendez, Jean Marco"]
[Black "Gines Esteo, Pedro Antonio"]
[WhiteFideId "3526402"]
[BlackFideId "32080190"]
[WhiteElo "2064"]
[BlackElo "2422"]
[Result "0-1"]
[Round "04"]
[TimeControl "180+1"]
[Date "2022.11.23"]
[WhiteClock "0:00:10"]
[BlackClock "0:00:07"]

1. e4 c6 2. d3 d5 3. Nd2 g6 4. g3 Bg7 5. Bg2 Nf6 6. Ngf3 O-O 7. O-O c5 8. Re1 Nc6 9. c3 e5 10. Qc2 Re8 11. Nf1 h6 12. a3 dxe4 13. dxe4 c4 14. Rd1 Qc7 15. Be3 Na5 16. h3 Nb3 17. Ra2 Be6 18. N3d2 Red8 19. a4 Rd7 20. Kh2 Rad8 21. a5 Nxa5 22. Re1 b6 23. Ra4 Nb3 24. Nxb3 cxb3 25. Qe2 a5 26. f4 Qc6 27. Raa1 Bc4 28. Qf2 b5 29. fxe5 Nxe4 30. Bxe4 Qxe4 31. Nd2 Qc6 32. Nxc4 bxc4 33. Qg2 Qxg2+ 34. Kxg2 Bxe5 35. Rxa5 Bg7 36. Rc5 Re7 37. Rxc4 Rde8 38. Kf3 h5 39. g4 hxg4+ 40. hxg4 Bh6 41. g5 Bxg5 42. Bxg5 Rxe1 43. Rb4 Rf1+ 44. Kg2 Rf5 45. Bh4 Re2+ 46. Kh3 Rxb2 0-1


[Site "https://www.chess.com"]

[Event "Titled Tuesday Blitz November 22 Early 2022"]
[White "D`Arruda, Ricardo D."]
[Black "Ajay, Karthikeyan"]
[WhiteFideId "100692"]
[BlackFideId "35011685"]
[WhiteElo "2511"]
[BlackElo "2337"]
[Result "1-0"]
[Round "04"]
[TimeControl "180+1"]
[Date "2022.11.23"]
[WhiteClock "0:00:56"]
[BlackClock "0:00:03"]

1. d4 Nf6 2. Nf3 d5 3. Nc3 Bf5 4. Bg5 e6 5. e3 h6 6. Bf4 Bd6 7. Bxd6 Qxd6 8. Bd3 a6 9. Bxf5 exf5 10. O-O Nbd7 11. Ne2 g6 12. Nf4 c6 13. Qd3 Ne4 14. c4 dxc4 15. Qxc4 g5 16. Nh5 Rg8 17. Qc2 Ndf6 18. Nxf6+ Qxf6 19. Nd2 Nxd2 20. Qxd2 O-O-O 21. b4 f4 22. a4 g4 23. b5 c5 24. bxa6 Qxa6 25. Rfc1 Kb8 26. Rxc5 f3 27. Rb1 fxg2 28. Rcb5 Rd7 29. Qb4 Rc8 30. d5 h5 31. Kxg2 Ka8 32. Ra5 Qxa5 33. Qxa5+ Kb8 34. e4 f5 35. e5 f4 36. e6 f3+ 37. Kg3 h4+ 38. Kxg4 Rg7+ 39. Kh3 Rg2 40. Qb6 Rg7 41. d6 Rc6 42. Qxc6 Rg3+ 43. hxg3 hxg3 44. Qxb7# 1-0


[Site "https://www.chess.com"]

[Event "Titled Tuesday Blitz November 22 Early 2022"]
[White "Dardha, Daniel"]
[Black "Chigaev, Maksim"]
[WhiteFideId "240990"]
[BlackFideId "4108116"]
[WhiteElo "2528"]
[BlackElo "2541"]
[Result "1/2-1/2"]
[Round "04"]
[TimeControl "180+1"]
[Date "2022.11.22"]
[WhiteClock "0:00:10"]
[BlackClock "0:00:12"]

1. d4 Nf6 2. Bg5 g6 3. Bxf6 exf6 4. e3 d5 5. c4 dxc4 6. Bxc4 Bd6 7. Nc3 Nd7 8. Qf3 c6 9. Nge2 Qe7 10. Bb3 Nb6 11. O-O-O O-O 12. g4 a5 13. h4 a4 14. Bc2 Nc4 15. Bd3 Be6 16. h5 a3 17. b3 Nb2 18. Bc2 Nxd1 19. Kxd1 Ra5 20. Nf4 Bxf4 21. Qxf4 Rg5 22. Ne4 Bxg4+ 23. Kc1 Bf5 24. Nxg5 fxg5 25. Qh2 Bxc2 26. Kxc2 c5 27. d5 Qe4+ 28. Kc1 c4 29. hxg6 Qxg6 30. bxc4 Rc8 31. Kd2 h6 32. Qxh6 Qxh6 33. Rxh6 Rxc4 34. Rb6 Kg7 35. Rxb7 Kf6 36. Ra7 Ke5 37. Rxf7 Rb4 38. Rc7 Rb2+ 39. Rc2 Rb5 40. Rc3 Rb2+ 41. Rc2 Rb5 42. Kc3 Kxd5 43. f3 Rb8 44. Rd2+ Ke5 45. Rg2 Kf5 46. Rd2 Ke5 47. Kc4 Rf8 48. Rd5+ Kf6 49. Ra5 Kg6 50. f4 gxf4 51. exf4 Rxf4+ 52. Kb3 Rf3+ 53. Kb4 Kf6 54. Rxa3 Rxa3 55. Kxa3 Ke6 56. Kb4 Kd7 57. Kb5 Kc8 58. Kb6 Kb8 59. a4 Ka8 60. a5 Kb8 61. Kc6 Ka8 62. Kc7 Ka7 63. a6 Kxa6 1/2-1/2


[Site "https://www.chess.com"]

[Event "Titled Tuesday Blitz November 22 Early 2022"]
[White "Deac, Bogdan-Daniel"]
[Black "Bacrot, Etienne"]
[WhiteFideId "1226380"]
[BlackFideId "605506"]
[WhiteElo "2648"]
[BlackElo "2666"]
[Result "1-0"]
[Round "04"]
[TimeControl "180+1"]
[Date "2022.11.22"]
[WhiteClock "0:00:11"]
[BlackClock "0:00:10"]

1. e4 c5 2. Nf3 d6 3. Bb5+ Bd7 4. c4 Nc6 5. d4 cxd4 6. Nxd4 Nf6 7. Nc3 g6 8. Be3 Ng4 9. Nxc6 bxc6 10. Bxc6 Nxe3 11. Bxd7+ Qxd7 12. fxe3 Bg7 13. Rc1 O-O 14. b3 Rac8 15. O-O Qb7 16. Qd3 Rc5 17. Nd5 a5 18. Rf3 Be5 19. Rcf1 Kg7 20. Nf4 Rcc8 21. Qd5 Qa7 22. Nd3 e6 23. Qb5 Bc3 24. c5 dxc5 25. Qc4 Bb4 26. Ne5 Rc7 27. Ng4 a4 28. a3 Bxa3 29. Qc3+ f6 30. Rxf6 Bb4 31. Rf7+ Kg8 32. Nh6# 1-0


[Site "https://www.chess.com"]

[Event "Titled Tuesday Blitz November 22 Early 2022"]
[White "Decuigniere, Tom"]
[Black "Rakhmanov, Aleksandr"]
[WhiteFideId "26093820"]
[BlackFideId "4173708"]
[WhiteElo "2252"]
[BlackElo "2530"]
[Result "1-0"]
[Round "04"]
[TimeControl "180+1"]
[Date "2022.11.23"]
[WhiteClock "0:00:06"]
[BlackClock "0:00:07"]

1. c4 e5 2. g3 c6 3. Nc3 d5 4. cxd5 cxd5 5. d4 Nc6 6. dxe5 d4 7. Ne4 Qa5+ 8. Nd2 Bf5 9. Nf3 Qc5 10. Nb3 Qd5 11. Bg2 Bb4+ 12. Bd2 Bxd2+ 13. Qxd2 Be4 14. O-O Rd8 15. Rac1 Nge7 16. Rc5 Qd7 17. Qf4 Bf5 18. Rd1 Ng6 19. Qc1 d3 20. exd3 O-O 21. d4 Nb4 22. Qd2 b6 23. Rc4 a5 24. a3 Be6 25. Rc3 Nd5 26. Rd3 Bf5 27. Nc1 Bxd3 28. Nxd3 Rfe8 29. h4 Nf8 30. Ng5 Ne6 31. Nxe6 Qxe6 32. Bxd5 Qxd5 33. Nf4 Qc4 34. Qe3 h6 35. d5 Qc5 36. Qxc5 bxc5 37. e6 fxe6 38. Rc1 exd5 39. Rxc5 d4 40. Rc2 a4 41. Rd2 Re5 42. Kf1 Rb5 43. Ke2 g5 44. hxg5 hxg5 45. Nd3 Re8+ 46. Kf3 Rf5+ 47. Kg2 Rd5 48. Nb4 Rd6 49. Nc2 d3 50. Nb4 Red8 51. Kf3 Kf7 52. Ke3 Re8+ 53. Kf3 Re2 54. Rxd3 Rxd3+ 55. Nxd3 Rc2 56. Ke3 Ke6 57. f3 Kd5 58. Nb4+ Kc4 59. Nxc2 Kb3 60. Nd4+ Kxb2 61. Nb5 Kb3 62. Kd4 1-0


[Site "https://www.chess.com"]

[Event "Titled Tuesday Blitz November 22 Early 2022"]
[White "Derjabin, Ilja"]
[Black "Vaibhav Jayant Raut"]
[WhiteFideId "14104768"]
[BlackFideId "5089034"]
[WhiteElo "2312"]
[BlackElo "2147"]
[Result "0-1"]
[Round "04"]
[TimeControl "180+1"]
[Date "2022.11.23"]
[WhiteClock "0:00:18"]
[BlackClock "0:00:59"]

1. d4 Nf6 2. c4 e6 3. Nc3 Bb4 4. f3 d5 5. a3 Bxc3+ 6. bxc3 O-O 7. e3 c5 8. Bd3 dxc4 9. Bxc4 Nc6 10. Ne2 Qc7 11. O-O e5 12. d5 Na5 13. Ba2 Ne8 14. e4 Nd6 15. Bb1 b6 16. f4 Nac4 17. fxe5 Nxe5 18. Ng3 Ba6 19. Rf2 Rae8 20. Bf4 Ng6 21. Bxd6 Qxd6 22. Nf5 Qe5 23. Qf3 Bc8 24. Bc2 f6 25. Rd1 Qb8 26. d6 Ne5 27. Qg3 Bxf5 28. exf5 Rd8 29. Be4 Rxd6 30. Bd5+ Kh8 31. Rfd2 Rfd8 32. c4 b5 0-1


[Site "https://www.chess.com"]

[Event "Titled Tuesday Blitz November 22 Early 2022"]
[White "Diaz Rosas, Julio Cesar"]
[Black "Prithu Gupta"]
[WhiteFideId "5105099"]
[BlackFideId "46618546"]
[WhiteElo "2246"]
[BlackElo "2344"]
[Result "0-1"]
[Round "04"]
[TimeControl "180+1"]
[Date "2022.11.23"]
[WhiteClock "0:00:48"]
[BlackClock "0:00:22"]

1. e4 e5 2. Nf3 Nc6 3. Bb5 g6 4. d4 exd4 5. c3 d3 6. O-O Bg7 7. Qxd3 Nge7 8. Re1 O-O 9. Bg5 h6 10. Bh4 g5 11. Bg3 d6 12. Nbd2 f5 13. h3 f4 14. Bh2 Ng6 15. Nc4 Nce5 16. Ncxe5 Nxe5 17. Qe2 g4 18. Nxe5 Bxe5 19. hxg4 Qh4 20. f3 Bxg4 21. Qf2 Qxf2+ 22. Kxf2 Be6 23. g3 Kh7 24. gxf4 Bxf4 25. Bxf4 Rxf4 26. Ke3 Raf8 27. Be2 d5 28. Rg1 dxe4 29. fxe4 Rh4 30. Rg3 Bd7 31. Rag1 Bc6 32. Bd3 Re8 33. Rg4 Rxg4 34. Rxg4 h5 35. Rh4 Kg6 36. Kf4 Rf8+ 37. Kg3 Kg5 38. Be2 Be8 39. Bf3 Rxf3+ 40. Kxf3 Kxh4 41. Kf4 Kh3 42. e5 h4 43. Kf3 Bc6+ 44. Kf2 Kg4 45. e6 h3 46. e7 h2 47. e8=Q Bxe8 48. Kg2 h1=Q+ 49. Kxh1 Kf3 50. Kg1 Ke2 51. c4 Kd2 52. c5 Kc2 53. b4 Bc6 54. Kf2 Kc3 55. a3 Kb3 56. Ke3 Kxa3 0-1


[Site "https://www.chess.com"]

[Event "Titled Tuesday Blitz November 22 Early 2022"]
[White "Djokic, Mihailo"]
[Black "Ljukin, Sergei"]
[WhiteFideId "976440"]
[BlackFideId "14102200"]
[WhiteElo "2315"]
[BlackElo "2312"]
[Result "1-0"]
[Round "04"]
[TimeControl "180+1"]
[Date "2022.11.23"]
[WhiteClock "0:02:20"]
[BlackClock "0:02:34"]

1. e4 e6 2. d4 d5 3. Nc3 Bb4 4. e5 Ne7 5. a3 Bxc3+ 6. bxc3 c5 7. h4 Nbc6 8. h5 h6 9. Qg4 Nf5 10. Nf3 Qc7 11. Bd3 cxd4 12. Bxf5 exf5 13. Qxg7 Rf8 14. cxd4 Nxd4 15. Nxd4 Qc3+ 16. Ke2 Qxd4 17. Bxh6 1-0


[Site "https://www.chess.com"]

[Event "Titled Tuesday Blitz November 22 Early 2022"]
[White "Donchenko, Alexander"]
[Black "Williams, Simon K"]
[WhiteFideId "24603295"]
[BlackFideId "404454"]
[WhiteElo "2572"]
[BlackElo "2468"]
[Result "1-0"]
[Round "04"]
[TimeControl "180+1"]
[Date "2022.11.23"]
[WhiteClock "0:01:40"]
[BlackClock "0:00:47"]

1. Nf3 f5 2. c4 Nf6 3. d4 e6 4. e3 b6 5. Be2 Bb7 6. O-O Bd6 7. Nc3 O-O 8. d5 Ne4 9. Nxe4 fxe4 10. Nd4 exd5 11. cxd5 Qh4 12. g3 Qg5 13. Nb5 Bxd5 14. Nxd6 cxd6 15. b3 Nc6 16. Bb2 Rf3 17. Qd2 Raf8 18. Bxf3 exf3 19. Rfd1 Qf5 20. Qxd5+ 1-0


[Site "https://www.chess.com"]

[Event "Titled Tuesday Blitz November 22 Early 2022"]
[White "Donskov, Anatoly"]
[Black "Krysa, Leandro"]
[WhiteFideId "24143413"]
[BlackFideId "116807"]
[WhiteElo "2219"]
[BlackElo "2485"]
[Result "0-1"]
[Round "04"]
[TimeControl "180+1"]
[Date "2022.11.23"]
[WhiteClock "0:00:06"]
[BlackClock "0:00:09"]

1. e4 e5 2. Nf3 Nc6 3. Bb5 Nf6 4. Qe2 Bc5 5. c3 O-O 6. O-O Re8 7. Rd1 a6 8. Ba4 b5 9. Bb3 d5 10. d3 h6 11. Nbd2 a5 12. a4 b4 13. Nf1 Rb8 14. Bc2 b3 15. Bb1 d4 16. Ng3 Bg4 17. h3 Bxf3 18. gxf3 Kh7 19. Kh2 g6 20. f4 exf4 21. Bxf4 Nd5 22. Bd2 Qf6 23. Rc1 Bd6 24. Rf1 dxc3 25. bxc3 Nxc3 26. Qe3 Bf8 27. d4 Nxb1 28. Raxb1 Qxd4 29. Rxb3 Qxe3 30. Rxe3 Rb2 31. Bc3 Rc2 32. Kg2 Rd8 33. Re2 Rxc3 34. Rb1 Bb4 35. Rf1 Kg7 36. f4 Rdd3 37. Nh1 Rxh3 38. f5 Ne5 39. f6+ Kh7 40. Rd2 Rhd3 41. Re2 g5 42. Rf5 Ng6 43. Rb5 Nf4+ 44. Kf2 Rf3+ 45. Ke1 Rc1# 0-1


[Site "https://www.chess.com"]

[Event "Titled Tuesday Blitz November 22 Early 2022"]
[White "Drygalov, Sergey"]
[Black "Tsaruk, Maksim"]
[WhiteFideId "24171743"]
[BlackFideId "13511173"]
[WhiteElo "2528"]
[BlackElo "2300"]
[Result "1-0"]
[Round "04"]
[TimeControl "180+1"]
[Date "2022.11.22"]
[WhiteClock "0:00:24"]
[BlackClock "0:00:40"]

1. d4 Nf6 2. c4 e6 3. Nc3 d5 4. cxd5 Nxd5 5. Nf3 c5 6. e3 Nc6 7. Bd3 Be7 8. O-O O-O 9. Qe2 b6 10. Rd1 Ncb4 11. Bc4 Bb7 12. e4 Nf6 13. dxc5 Qb8 14. a3 Nc6 15. cxb6 axb6 16. g3 Rc8 17. Bf4 e5 18. Be3 Na5 19. Ba2 Nxe4 20. Rd7 Nxc3 21. bxc3 Rc7 22. Nxe5 Rxd7 23. Bxf7+ Kh8 24. Qh5 Rd6 25. Bg6 h6 26. Nf7+ Kg8 27. Nxh6+ gxh6 28. Qxh6 1-0


[Site "https://www.chess.com"]

[Event "Titled Tuesday Blitz November 22 Early 2022"]
[White "Durarbayli, Vasif"]
[Black "Al-Tarboush, Ward"]
[WhiteFideId "13402935"]
[BlackFideId "7601450"]
[WhiteElo "2586"]
[BlackElo "2273"]
[Result "1-0"]
[Round "04"]
[TimeControl "180+1"]
[Date "2022.11.23"]
[WhiteClock "0:00:16"]
[BlackClock "0:00:01"]

1. e4 e5 2. Nf3 Nf6 3. Nxe5 d6 4. Nf3 Nxe4 5. d4 d5 6. Bd3 Be7 7. O-O Nc6 8. Nc3 Bf5 9. Qe1 Bb4 10. Qe3 Bxc3 11. bxc3 O-O 12. c4 Re8 13. Qf4 Bg6 14. cxd5 Nb4 15. Ne5 Nxd3 16. cxd3 Nc3 17. Qg4 Nxd5 18. h4 Nf6 19. Qf4 Qd5 20. Be3 Rad8 21. Rfc1 c6 22. Rab1 Nh5 23. Qg4 f5 24. Qg5 f4 25. Bxf4 h6 26. Qg4 Nxf4 27. Qxf4 Re6 28. Qg4 Qd6 29. Rxb7 c5 30. h5 cxd4 31. Nxg6 1-0


[Site "https://www.chess.com"]

[Event "Titled Tuesday Blitz November 22 Early 2022"]
[White "Ezat, Mohamed"]
[Black "Pranav Anand"]
[WhiteFideId "10600906"]
[BlackFideId "46626786"]
[WhiteElo "2386"]
[BlackElo "2402"]
[Result "1-0"]
[Round "04"]
[TimeControl "180+1"]
[Date "2022.11.23"]
[WhiteClock "0:00:06"]
[BlackClock "0:00:29"]

1. d4 Nf6 2. c4 e6 3. Nc3 d5 4. cxd5 exd5 5. Bg5 c6 6. Qc2 Be7 7. e3 Nbd7 8. Bd3 h6 9. Bf4 Nh5 10. Be5 Nhf6 11. Bf4 Nf8 12. Nf3 Ne6 13. Be5 Ng4 14. Bg3 Bd6 15. Bxd6 Qxd6 16. h3 Nf6 17. Ne5 O-O 18. O-O c5 19. Nb5 Qe7 20. Bf5 a6 21. Nc3 cxd4 22. Bxe6 dxc3 23. Ng6 Qxe6 24. Nxf8 Kxf8 25. Qxc3 Kg8 26. Rad1 Bd7 27. Rd4 Bc6 28. a4 Ne4 29. Qc2 Nd6 30. b4 Rc8 31. Qb3 Nf5 32. Rf4 Qg6 33. b5 axb5 34. axb5 Be8 35. Qxd5 Nd6 36. Rb4 Qe6 37. Rd1 Qxd5 38. Rxd5 Nc4 39. Rd4 Na3 40. Rd5 Kf8 41. g4 Rc1+ 42. Kh2 Rc2 43. Kg3 Nc4 44. Rd8 Ke7 45. Rc8 Na3 46. Re4+ Kf6 47. Rcxe8 Nxb5 48. Rf4+ Kg6 49. h4 f6 50. Rd8 Nc7 51. Re4 Rc6 52. Re7 Ne6 53. Rdd7 h5 54. f3 b5 55. Rb7 hxg4 56. fxg4 Kh6 57. Rxb5 Nc5 58. Rb8 Kg6 59. Rh8 f5 60. h5+ Kg5 61. Rxg7+ Kf6 62. Rg6+ Ke5 63. Rxc6 Ne4+ 64. Kg2 f4 65. Rcc8 f3+ 66. Kg1 Ng5 67. Kf1 Ke4 68. Ke1 Kd3 69. Rcd8+ Kxe3 70. Rhe8+ Kf4 71. Rf8+ Kg3 72. Rde8 Kxg4 73. Re3 Kxh5 74. Re5 Kg4 75. Rg8 Kf4 76. Rgxg5 f2+ 77. Kf1 Kf3 78. Rgf5+ Kg4 79. Rxf2 Kg3 80. Re8 Kh4 81. Rg8 Kh3 82. Rf7 1-0


[Site "https://www.chess.com"]

[Event "Titled Tuesday Blitz November 22 Early 2022"]
[White "Fabris, Alberto"]
[Black "Mohammed, Zozek Salah Mohammed"]
[WhiteFideId "801348"]
[BlackFideId "4803361"]
[WhiteElo "2143"]
[BlackElo "2199"]
[Result "0-1"]
[Round "04"]
[TimeControl "180+1"]
[Date "2022.11.23"]
[WhiteClock "0:00:35"]
[BlackClock "0:00:26"]

1. d4 Nf6 2. Nf3 d5 3. Bf4 c5 4. e3 Nc6 5. c3 Qb6 6. Qb3 c4 7. Qc2 Bf5 8. Qc1 e6 9. Nbd2 Be7 10. Nh4 Be4 11. f3 Nh5 12. fxe4 Bxh4+ 13. g3 Be7 14. exd5 exd5 15. e4 Nxf4 16. gxf4 Bh4+ 17. Kd1 O-O 18. Nf3 Be7 19. e5 a5 20. Qd2 a4 21. f5 f6 22. e6 a3 23. Rb1 axb2 24. Rxb2 Qa6 25. Bg2 b5 26. Nh4 Rfd8 27. Ke2 b4 28. Rhb1 bxc3 29. Qxc3 Nxd4+ 30. Qxd4 c3+ 31. Rb5 c2 32. Rc1 Qxb5+ 33. Kf3 Rxa2 34. Bf1 Qb3+ 35. Kg2 Qa3 36. Qd2 d4 37. Rxc2 Qa8+ 38. Nf3 Ra3 39. Bd3 Qd5 40. Kf2 h6 41. Rb2 Kh7 42. Rc2 Rda8 43. Qe2 Ra2 44. Bc4 Rxc2 45. Qxc2 Qc5 46. Qd3 Ra3 47. Qxd4 Rxf3+ 0-1


[Site "https://www.chess.com"]